 Dungeon Crawl Stone Soup version 0.27-a0-1334-g2746e35aca (webtiles) character file.

Game seed: 11178767860845461996

872 sokol815 the Frost Mage (level 8, -13/46 HPs)
             Began as an Octopode Ice Elementalist on June 26, 2021.
             Mangled by a wyvern zombie (15 damage)
             ... on level 6 of the Dungeon.
             The game lasted 00:16:28 (6530 turns).

sokol815 the Frost Mage (Octopode Ice Elementalist) Turns: 6530, Time: 00:16:29

Health: -13/46     AC:  1    Str:  7    XL:     8   Next: 4%
Magic:  11/11      EV: 12    Int: 17    God:
Gold:   144        SH:  5    Dex: 15    Spells: 0/11 levels left

rFire    . . .     SeeInvis .   a - +2 short sword (holy)
rCold    . . .     Faith    .   f - +2 buckler
rNeg     . . .     Spirit   .   (helmet restricted)
rPois    .         Reflect  .   (no amulet)
rElec    .         Harm     .   (no ring)
rCorr    .         Rampage  .   (no ring)
Will     .....                  (no ring)
Stlth    ++++......             (no ring)
HPRegen  0.15/turn              (no ring)
MPRegen  0.12/turn              (no ring)
                                (no ring)
                                (no ring)

@: no status effects
A: almost no armour, amphibious, 8 rings, camouflage 1, gelatinous body 1,
(nimble swimmer 1), tentacles
a: no special abilities


You were on level 6 of the Dungeon.
You visited 1 branch of the dungeon, and saw 6 of its levels.

You collected 144 gold pieces.

Inventory:

Hand Weapons
 a - a +2 short sword of holy wrath (weapon)
   (You found it on level 1 of the Dungeon)
 l - a +0 war axe
   (You found it on level 2 of the Dungeon)
 q - a +0 trident
   (You took it off an orc warrior on level 4 of the Dungeon)
Missiles
 c - 2 throwing nets {!d}
 d - 7 bolts
 h - 30 arrows
 k - 59 poisoned darts
 m - 5 boomerangs
 s - 162 stones
Armour
 f - a +2 buckler (worn)
   (You found it on level 5 of the Dungeon)
Wands
 e - a wand of charming (5)
   (You took it off Ijyb on level 3 of the Dungeon)
 j - a wand of polymorph (13)
   (You found it on level 4 of the Dungeon)
Scrolls
 b - 3 scrolls of amnesia {unknown}
 i - a scroll of identify {@r1}
 o - 3 scrolls of enchant weapon {unknown}
 p - 4 scrolls of fog
 Y - 2 scrolls of teleportation {@r3}
Potions
 g - a potion of attraction {unknown}
 I - a potion of invisibility
 P - a potion of lignification {!q}
 U - a potion of mutation {!q}


   Skills:
 - Level 3.8 Short Blades
 - Level 2.0 Dodging
 - Level 6.0 Stealth
 + Level 0.0 Shields
 - Level 2.0 Spellcasting
 - Level 8.0 Ice Magic


You couldn't memorise any spells.
You knew the following spells:

 Your Spells              Type           Power      Damage    Failure   Level
a - Freeze                Ice            100%       1d11      1%          1
b - Frozen Ramparts       Ice            56%        1d7       3%          3
c - Hailstorm             Conj/Ice       15%        3d5       52%         4
A - Ozocubu's Armour      Ice            28%        N/A       3%          3

Your spell library contained the following spells:

 Spells                   Type           Power      Damage    Failure   Level
 Sting                    Tmut/Pois      4%         1d3       32%         1
 Summon Small Mammal      Summ           4%         N/A       32%         1
 Call Imp                 Summ           1%         N/A       43%         2
 Poisonous Vapours        Pois/Air       2%         N/A       43%         2
 Summon Ice Beast         Ice/Summ       15%        N/A       52%         4
 Call Canine Familiar     Summ           1%         N/A       67%         3
 Ignite Poison            Fire/Tmut/Pois 1%         N/A       67%         3
 Mephitic Cloud           Conj/Pois/Air  1%         N/A       67%         3
 Summon Guardian Golem    Hex/Summ       1%         N/A       67%         3
 Metabolic Englaciation   Hex/Ice        7%         N/A       86%         5
 Olgreb's Toxic Radiance  Pois           1%         N/A       97%         4
 Summon Lightning Spire   Summ/Air       1%         N/A       97%         4


Dungeon Overview and Level Annotations

Branches:
Dungeon (5/15)
 Temple: D:4-7

Altars:
Ashenzari
Elyvilon
Qazlal
Sif Muna
Uskayaw
Wu Jian

Shops:
D:3 *


Innate Abilities, Weirdness & Mutations

You cannot wear most types of armour.
You are amphibious.
You can wear up to eight rings at the same time.
Your skin changes colour to match your surroundings (Stealth+).
Your rubbery body absorbs attacks. (AC +1, EV +1)
((You are camouflaged near water. (Stealth+)))
You have tentacles for arms and can constrict up to eight enemies at once.


Message History

As you read the scroll labelled XYUFFI LINWE, it crumbles to dust.
You feel strangely unstable.
It was a scroll of teleportation.
Y - 2 scrolls of teleportation You start waiting.
Your surroundings suddenly seem different.
Done exploring.
Search for what [? for help]? artif Unknown command.
(D) Dungeon
Where to? (Enter - D:3, ? - help)
There is an open door here.
There is a stone staircase leading down here.
You climb downwards.
There is a stone staircase leading up here.
Done exploring.
(D) Dungeon
Where to? (Enter - D:4, ? - help)
There is a stone staircase leading down here.
You climb downwards.
There is a stone staircase leading up here.
Found a stone staircase leading up.
b - 2 scrolls labelled BUOSTEN FOM (gained 1)
Found a glowing buckler.
s - 162 stones (gained 29)
There is a stone staircase leading up here.
You see here a +2 buckler.
f - a +2 buckler
Okay, then.
You start putting on your armour.
You continue putting on your +2 buckler. x4
You finish putting on your +2 buckler.
There is a stone staircase leading up here.
b - 3 scrolls labelled BUOSTEN FOM (gained 1)
A quokka comes into view.
You hit the quokka. You grab the quokka. You constrict the quokka.
The quokka bites you.
You take 3 damage, and have 43/46 hp.
You hit the quokka.
You kill the quokka!
No target in view!
g - a red potion Health restored: 46 You pick up a book of Callings and begin reading...
You add the spells Summon Small Mammal, Call Imp, Call Canine Familiar, Summon Guardian Golem, Summon Lightning Spire and Summon Ice Beast to your library.
This spell is extremely dangerous to cast!
Memorise Hailstorm, consuming 4 spell levels and leaving 0?
You start memorising the spell.
You continue memorising. x4
You finish memorising.
Spell assigned to 'c'.
p - 4 scrolls of fog (gained 3)
Found a stone staircase leading down.
There is a stone staircase leading down here.
You fall into a shaft and drop 1 floor!
The shaft crumbles and collapses. 2 zombies come into view.
A water moccasin zombie comes into view.
You block the hornet zombie's attack.
You hit the hornet zombie.
The hornet zombie convulses.
You grab the hornet zombie. You constrict the hornet zombie.
The hornet zombie hits you!
You take 13 damage, and have 33/46 hp.
MASSIVE DAMAGE!!
You hit the hornet zombie.
The hornet zombie convulses.
You squeeze the hornet zombie.
You constrict the hornet zombie, but do no damage.
The hornet zombie barely misses you.
You hit the hornet zombie.
The hornet zombie convulses.
You constrict the hornet zombie, but do no damage.
The hornet zombie hits you. The wyvern zombie bites you!
The hornet zombie hits you.
You take 14 damage, and have 19/46 hp.
MASSIVE DAMAGE!!
You are too injured to fight recklessly!
Unknown command.
You hit the hornet zombie but do no damage.
You constrict the hornet zombie, but do no damage.
The wyvern zombie misses you. The hornet zombie closely misses you.
You hit the hornet zombie.
The hornet zombie convulses.
You constrict the hornet zombie. The wyvern zombie closely misses you.
The hornet zombie closely misses you. The water moccasin zombie bites you.
The hornet zombie misses you. You block the wyvern zombie's attack.
You take 2 damage, and have 17/46 hp.
You hit the hornet zombie.
The hornet zombie convulses.
You constrict the hornet zombie, but do no damage.
You block the water moccasin zombie's attack.
The wyvern zombie barely misses you. You block the hornet zombie's attack.
Unknown command.
You hit the hornet zombie.
The hornet zombie convulses.
Your squeeze misses the hornet zombie. You constrict the hornet zombie.
The wyvern zombie bites you!
* * * LOW HITPOINT WARNING * * *
The hornet zombie barely misses you.
The water moccasin zombie completely misses you.
You take 15 damage, and have 2/46 hp.
MASSIVE DAMAGE!!
Okay, then.
Aim: a water moccasin zombie (chance to affect: 58%)
The water moccasin zombie resists with significant effort.
You constrict the hornet zombie. The wyvern zombie bites you!
You die...

#.# #.# #.#
..# ##.#
..# #.#
###.###.#
#..@Z...#
#....ZZ≈..#
#.#.≈≈≈≈..#
# #.≈≈≈≈..#
#.≈≈≈≈..#
#..P≈$..#
....###.#
...... .#


You could see a water moccasin zombie, a wyvern zombie and a hornet zombie.

Vanquished Creatures
  An orc warrior (D:4)
  A black bear (D:3)
  A sky beast (D:5)
  A necrophage (D:4)
  2 ogres (D:4)
  2 orc priests
  A hound (D:4)
  Ijyb (D:3)
  An iguana (D:4)
  An orc wizard (D:4)
  A scorpion zombie (D:4)
  4 gnolls (D:3)
  5 adders
  An adder skeleton (D:4)
  9 orcs
  5 bats
  4 endoplasms
  A giant cockroach (D:4)
  4 goblins
  5 hobgoblins
  8 jackals
  5 quokkas
  3 ball pythons
  4 frilled lizards
  7 kobolds
  3 rats
81 creatures vanquished.

Notes
Turn   | Place    | Note
-------+----------+-------------------------------------------
     0 | D:1      | sokol815 the Octopode Ice Elementalist began the quest for
                  | the Orb.
     0 | D:1      | Reached XP level 1. HP: 11/11 MP: 3/3
   155 | D:1      | Reached XP level 2. HP: 10/17 MP: 3/5
  1186 | D:1      | Reached XP level 3. HP: 21/21 MP: 6/6
  1321 | D:1      | Learned a level 3 spell: Ozocubu's Armour
  1487 | D:2      | Reached skill level 5 in Ice Magic
  2216 | D:3      | Found a shimmering blue altar of Sif Muna.
  2276 | D:3      | Reached XP level 4. HP: 27/27 MP: 0/7
  2389 | D:3      | Found a stormy altar of Qazlal.
  2392 | D:3      | Found an ornate altar of the Wu Jian Council.
  2395 | D:3      | Found a white marble altar of Elyvilon.
  2914 | D:3      | HP: 5/27 [orc priest/nerve-wracking pain (6)]
  3379 | D:2      | Learned a level 3 spell: Frozen Ramparts
  3389 | D:3      | Reached skill level 6 in Ice Magic
  3389 | D:3      | Reached XP level 5. HP: 10/31 MP: 1/8
  3805 | D:3      | Found a hide-covered altar of Uskayaw.
  3805 | D:3      | Noticed Ijyb
  3811 | D:3      | Killed Ijyb
  3984 | D:3      | Found Denev's Assorted Antiques.
  3988 | D:3      | Noticed a black bear
  4096 | D:3      | Found a broken altar of Ashenzari.
  4634 | D:4      | Noticed a necrophage
  4636 | D:4      | Reached skill level 7 in Ice Magic
  4644 | D:4      | Killed a necrophage
  4645 | D:4      | Reached XP level 6. HP: 14/36 MP: 1/9
  4645 | D:4      | HP: 9/36 [iguana (5)]
  4647 | D:4      | HP: 4/36 [iguana (6)]
  5014 | D:4      | Reached skill level 8 in Ice Magic
  5286 | D:4      | Noticed an orc warrior
  5295 | D:4      | Reached skill level 1 in Short Blades
  5295 | D:4      | Reached skill level 3 in Stealth
  5295 | D:4      | Reached XP level 7. HP: 41/41 MP: 3/10
  5321 | D:4      | Reached skill level 4 in Stealth
  5323 | D:4      | HP: 10/41 [orc priest (1)]
  5325 | D:4      | Reached skill level 2 in Short Blades
  5819 | D:4      | Reached skill level 5 in Stealth
  6007 | D:5      | Entered Level 5 of the Dungeon
  6022 | D:5      | Reached skill level 3 in Short Blades
  6136 | D:3      | Reached skill level 6 in Stealth
  6136 | D:3      | Reached XP level 8. HP: 24/46 MP: 4/11
  6445 | D:5      | Learned a level 4 spell: Hailstorm
  6521 | D:5      | You fall into a shaft and drop 1 floor!
  6529 | D:6      | HP: 2/46 [wyvern zombie (15)]
  6530 | D:6      | Mangled by a wyvern zombie

Illustrated notes

Levels and vault maps discovered:
D:1:      saegor_arrival_simple_e, layout_basic, serial_aquarium,
          aquarium_bridge_long_joined [aquarium_subvault_window,
          aquarium_subvault_bridge, aquarium_subvault_balcony,
          aquarium_subvault_wall, aquarium_subvault_window,
          aquarium_subvault_bridge], aquarium_window_1, aquarium_window_fake,
          aquarium_window_corridor_3, aquarium_view_2f, aquarium_balcony_5b,
          aquarium_pool_corner
D:2:      layout_basic, minmay_misc_feat_chi
D:3:      layout_basic, nicolae_ashenzari_skybound, nicolae_uskayaw_dance_hall,
          grunt_temple_overflow_diamond, nicolae_sif_muna_condensation,
          serial_shops, shop, hex_large, uniq_ijyb
D:4:      layout_basic
D:5:      layout_loops_ring, uniq_blork_the_orc
D:6:      layout_loops_ring, minmay_temple_entry_enclosed_plants, serial_undead,
          serial_undead_f, serial_undead_d, serial_undead_d, serial_undead_e,
          serial_undead_f, serial_undead_d, serial_undead_d, serial_undead_c,
          serial_shops, shop, due_unseen_surprise

Skill      XL: |  1  2  3  4  5  6  7 |
---------------+----------------------+-----
Ice Magic      | 5 6 7 8 |  8.0
Short Blades   | 1 3 |  3.8
Stealth        | 3 6 |  6.0
Dodging        | |  2.0
Spellcasting   | |  2.0

Action                   |  1- 3 |  4- 6 |  7- 9 || total
-------------------------+-------+-------+-------++-------
Melee: Dagger            |    16 |       |       ||    16
       Constrict         |    11 |    16 |     4 ||    31
       Short sword       |    18 |    66 |    22 ||   106
       Tentacles         |     1 |     9 |     3 ||    13
 Cast: Freeze            |    32 |     7 |       ||    39
       Ozocubu's Armour  |       |     9 |     4 ||    13
       Frozen Ramparts   |       |    11 |     7 ||    18
Evoke: Wand              |       |       |     1 ||     1
  Use: Scroll            |       |     4 |     2 ||     6
 Stab: Sleeping          |     4 |     5 |     3 ||    12
Armor: Skin              |     6 |     7 |     6 ||    19
Dodge: Dodged            |    42 |    37 |    18 ||    97
Block: Buckler           |       |       |     4 ||     4

Table legend: (Time is in decaauts)
 A = Elapsed time spent in this place.
 B = Non-inter-level travel time spent in this place.
 C = Inter-level travel time spent in this place.
 D = Time resting spent in this place.
 E = Time spent auto-exploring this place.
 F = Levels seen in this place.
 G = Mean time per level.
                   A        B        C        D        E       F      G
               +--------+--------+--------+--------+--------+-----+--------+
         Total |   6544 |   6346 |    198 |   2225 |   3267 |   6 | 1090.7 |
       Dungeon |   6544 |   6346 |    198 |   2225 |   3267 |   6 | 1090.7 |
               +--------+--------+--------+--------+--------+-----+--------+

Top non-repeatable levels by time:
     D:4: 1676 daAuts
     D:3: 1644 daAuts
     D:2: 1597 daAuts
     D:1: 1367 daAuts
     D:5: 250 daAuts
     D:6: 8 daAuts

Table legend:
 A = Kills in this place as a percentage of kills in entire the game.
 B = Kills by you in this place as a percentage of kills by you in the entire game.
 C = Kills by friends in this place as a percentage of kills by friends in the entire game.
 D = Other kills in this place as a percentage of other kills in the entire game.
 E = Experience gained in this place as a percentage of experience gained in the entire game.
 F = Experience gained in this place divided by the number of levels of this place that you have seen.
                   A       B       C       D       E      F
               +-------+-------+-------+-------+-------+----------------------
         Total | 100.0 | 100.0 |   N/A |   N/A | 100.0 | 207.7
       Dungeon | 100.0 | 100.0 |   N/A |   N/A | 100.0 | 207.7
               +-------+-------+-------+-------+-------+----------------------
